AoeStats
← ANDREEVICH

Fortress

510133043Analyzed
4v4 RM · 3d ago on Sep 29, 2026· 85m 39s· 8 players
Game mode
Random Map
Map size
Huge
Population
200
Speed
Normal
Resources
Standard
Victory
Conquest
Starting age
Dark Age
Ending age
Imperial Age
RankedLock teamsTeams togetherTeam positionsShared explorationLock speedFull tech treeHidden civsTurbo modeCheats
Victory
Defeat
🇮🇳 Teutons · India
751
+17
🇷🇺 Ethiopians · Russia
750
+17
🇺🇸 Wei · United States
647
+21
🇮🇳 Persians · India
647
+21
🇲🇽 Sicilians · Mexico
808
-21
🇦🇷 Saracens · Argentina
755
-19
🇵🇪 Cumans · Peru
751
-18
🇨🇱 Khmer · Chile
741
-18
AlandorH
6:14 Loom
8:01 Feudal Age
14:06 Castle Age
11:58 Double-Bit Axe
11:55 Horse Collar
12:07 Stone Mining
13:16 Gold Mining
13:57 Scale Barding Armor
14:55 Wheelbarrow
14:37 Bloodlines
17:14 Forging
19:10 Husbandry
19:53 Town Watch
26:24 Chain Barding Armor
26:44 Iron Casting
31:16 Imperial Age
29:43 Bow Saw
30:42 Gold Shaft Mining
30:13 Heavy Plow
30:41 Fletching
31:44 Caravan
32:25 Conscription
34:04 Two-Man Saw
34:29 Chain Barding Armor
35:22 Chemistry
36:11 Blast Furnace
36:10 Plate Barding Armor
37:36 Bodkin Arrow
37:06 Heavy Camel Rider
40:05 Hand Cart
40:54 Masonry
42:04 Ballistics
44:05 Siege Engineers
43:56 Murder Holes
44:44 Bracer
46:01 Town Patrol
49:29 Padded Archer Armor
49:23 Onager
polovermont4898
2:30 Loom
3:44 Loom
10:31 Feudal Age
10:55 Horse Collar
11:04 Double-Bit Axe
11:11 Gold Mining
11:51 Arson
13:00 Scale Mail Armor
13:10 Stone Mining
15:53 Forging
18:45 Castle Age
20:31 Bow Saw
20:38 Heavy Plow
20:59 Fletching
24:02 Stone Shaft Mining
24:37 Wheelbarrow
30:38 First Crusade
34:28 Imperial Age
33:07 Gold Shaft Mining
34:13 Bodkin Arrow
34:35 Chain Mail Armor
34:55 Iron Casting
34:27 Scale Barding Armor
35:51 Hand Cart
36:23 Conscription
37:04 Capped Ram
38:54 Town Watch
40:13 Blast Furnace
38:48 Cavalier
40:12 Husbandry
40:56 Bloodlines
40:07 Light Cavalry
42:38 Bracer
43:00 Chain Barding Armor
45:00 Town Patrol
45:21 Bloodlines
45:49 Hauberk
46:29 Crop Rotation
45:50 Light Cavalry
47:50 Caravan
49:26 Squires
49:12 Gambesons
48:50 Pikeman
49:47 Halberdier
51:15 First Crusade
51:53 Elite Serjeant
52:13 Elite Serjeant
59:00 Plate Mail Armor
59:06 Plate Barding Armor
70:17 Murder Holes
71:23 Chemistry
70:44 Ballistics
70:10 Arrowslits
70:36 Masonry
70:32 Siege Engineers
77:30 Heavy Scorpion
84:17 Siege Ram
CPDciv
10:04 Feudal Age
16:29 Castle Age
14:33 Double-Bit Axe
14:43 Horse Collar
15:20 Stone Mining
17:54 Bow Saw
18:16 Heavy Plow
26:25 Wheelbarrow
30:01 Imperial Age
27:58 Hand Cart
27:07 Light Cavalry
28:29 Gold Mining
29:30 Bloodlines
29:45 Ballistics
30:02 Forging
29:19 Elite Skirmisher
32:58 Two-Man Saw
32:33 Crop Rotation
32:41 Iron Casting
32:12 Scale Barding Armor
32:08 Padded Archer Armor
31:58 Fletching
33:13 Chemistry
32:42 Conscription
32:28 Cuman Mercenaries
32:32 Steppe Husbandry
31:59 Elite Steppe Lancer
33:38 Chain Barding Armor
34:07 Gold Shaft Mining
36:26 Blast Furnace
36:02 Plate Barding Armor
35:43 Leather Archer Armor
35:23 Bodkin Arrow
35:31 Cavalier
35:32 Hussar
37:18 Ring Archer Armor
43:41 Paladin
49:27 Caravan
49:57 Coinage
49:50 Guilds
51:26 Scale Mail Armor
52:55 Chain Mail Armor
52:41 Murder Holes
55:23 Banking
62:07 Capped Ram
64:31 Siege Ram
Jx
0:30 Loom
10:45 Feudal Age
13:58 Wheelbarrow
13:08 Town Watch
13:33 Double-Bit Axe
13:34 Horse Collar
18:32 Castle Age
20:36 Bow Saw
20:43 Hand Cart
20:32 Heavy Plow
31:54 Imperial Age
31:27 Light Cavalry
32:17 Bloodlines
32:07 Husbandry
32:18 Scale Barding Armor
32:24 Forging
31:52 Pikeman
32:17 Arson
33:23 Hussar
34:19 Fortified Wall
34:30 Ballistics
35:11 Chemistry
34:21 Masonry
34:07 Murder Holes
34:36 Chain Barding Armor
34:52 Iron Casting
34:08 Fletching
34:22 Caravan
35:22 Town Patrol
37:03 Siege Engineers
38:48 Plate Barding Armor
39:14 Blast Furnace
38:10 Bodkin Arrow
38:16 Scale Mail Armor
38:18 Padded Archer Armor
40:05 Elite Battle Elephant
41:09 Conscription
40:20 Sappers
40:52 Tusk Swords
43:52 Halberdier
43:53 Man-at-Arms
44:53 Chain Mail Armor
44:56 Leather Archer Armor
44:42 Bracer
52:09 Architecture
Eel Eye
3:24 Loom
8:51 Feudal Age
10:04 Double-Bit Axe
12:54 Castle Age
11:31 Horse Collar
11:45 Gold Mining
11:52 Fletching
13:42 Bodkin Arrow
21:56 Imperial Age
25:16 Wheelbarrow
32:06 Elite Tiger Cavalry
33:19 Ming Guang Armor
33:55 Bracer
35:19 Hand Cart
40:17 Forging
40:13 Scale Barding Armor
54:54 Capped Ram
86:19 Illumination
ANDREEVICH
10:26 Feudal Age
10:56 Double-Bit Axe
10:56 Horse Collar
12:39 Gold Mining
18:09 Castle Age
17:28 Fletching
18:22 Wheelbarrow
18:22 Scale Barding Armor
18:28 Forging
20:01 Gold Shaft Mining
19:29 Heavy Plow
20:37 Bodkin Arrow
21:08 Caravan
22:08 Bow Saw
30:50 Iron Casting
30:17 Scale Mail Armor
30:07 Arson
30:23 Squires
33:26 Imperial Age
32:41 Chain Mail Armor
35:18 Blast Furnace
34:45 Thumb Ring
35:31 Conscription
40:05 Royal Heirs
41:12 Plate Mail Armor
42:14 Murder Holes
54:37 Fortified Wall
63:46 Hand Cart
69:05 Halberdier
78:01 Man-at-Arms
79:58 Long Swordsman
80:56 Two-Handed Swordsman
vinsin4105
0:55 Loom
7:29 Feudal Age
10:05 Double-Bit Axe
15:25 Castle Age
15:20 Gold Mining
15:15 Horse Collar
19:36 Wheelbarrow
22:33 Imperial Age
21:03 Ballistics
22:46 Ironclad
23:15 Bow Saw
23:51 Conscription
24:51 Fletching
26:19 Fortified Wall
26:58 Bodkin Arrow
26:56 Town Watch
28:02 Hand Cart
29:31 Chemistry
28:45 Masonry
29:10 Heavy Scorpion
30:34 Town Patrol
31:45 Elite Teutonic Knight
33:15 Padded Archer Armor
33:27 Forging
33:38 Caravan
36:17 Iron Casting
35:48 Scale Barding Armor
35:44 Scale Mail Armor
36:00 Leather Archer Armor
35:09 Cavalier
36:00 Bloodlines
36:24 Crenellations
36:41 Hoardings
38:17 Blast Furnace
37:25 Paladin
38:31 Chain Barding Armor
40:24 Bombard Tower
39:50 Arrowslits
40:11 Siege Engineers
58:59 Squires
63:05 Pikeman
65:23 Halberdier
70:56 Arson
Sukshi macchli
0:30 Loom
8:48 Feudal Age
9:09 Double-Bit Axe
9:07 Horse Collar
10:03 Wheelbarrow
9:14 Town Watch
13:32 Gold Mining
13:35 Stone Mining
18:34 Castle Age
18:09 Forging
18:29 Scale Barding Armor
19:49 Town Patrol
21:47 Hand Cart
22:40 Bow Saw
23:54 Stone Shaft Mining
24:11 Gold Shaft Mining
26:01 Heavy Plow
34:15 Imperial Age
32:05 Caravan
32:36 Coinage
33:45 Coinage
35:04 Iron Casting
34:49 Chain Barding Armor
34:42 Masonry
35:10 Bloodlines
35:01 Husbandry
36:23 Two-Man Saw
36:40 Crop Rotation
35:35 Elite War Elephant
36:37 Conscription
36:58 Banking
36:39 Guilds
37:51 Blast Furnace
37:26 Plate Barding Armor
37:15 Guilds
39:08 Plate Barding Armor
40:42 Heavy Camel Rider
45:22 Fletching
84:27 Cavalier
Connection lost

Rejoining the realm…

Still unreachable

The connection could not be restored.

Session expired

The server has moved on; the page needs a fresh start.